 Dungeon Crawl Stone Soup version 0.32-a0-699-g1ee5eff69a (webtiles) character file.

Game seed: 7068399869599772767

9 BeKind the Chiller (level 2, 0/17 HPs)
             Began as an Octopode Ice Elementalist on Mar 13, 2024.
             Slain by a ball python (2 damage)
             ... on level 1 of the Dungeon.
             The game lasted 00:00:53 (515 turns).

BeKind the Chiller (Octopode Ice Elementalist)       Turns: 515, Time: 00:00:53

Health: 0/17       AC:  1    Str:  7    XL:     2   Next: 12%
Magic:  5/5        EV: 12    Int: 17    God:
Gold:   34         SH:  0    Dex: 12    Spells: 4/5 levels left

rFire   . . .        d - +0 long sword
rCold   . . .        (no shield)
rNeg    + . .        (helmet restricted)
rPois   .            (no amulet)
rElec   .            b - ring of positive energy
rCorr   .            (no ring)
SInv    .            (no ring)
Will    .....        (no ring)
Stlth   +++          (no ring)
HPRegen 0.22/turn    (no ring)
MPRegen 0.09/turn    (no ring)
                     (no ring)

%: no passive effects
@: no status effects
A: almost no armour, amphibious, 8 rings, camouflage 1, gelatinous body 1,
(nimble swimmer 1), tentacles
a: no special abilities


You were on level 1 of the Dungeon.
You visited 1 branch of the dungeon, and saw 1 of its levels.

You collected 34 gold pieces.

Inventory:

Hand Weapons
 d - a +0 long sword (weapon)
Jewellery
 b - a ring of positive energy (left tentacle)
 f - an amulet of magic regeneration
Scrolls
 c - a scroll of teleportation {unknown}
 e - a scroll of fog {unknown}
Potions
 a - 2 potions of magic


   Skills:
 + Level 2.2 Dodging
 - Level 3.0 Stealth
 + Level 2.1 Spellcasting
 + Level 4.1 Ice Magic


You had 4 spell levels left.
You knew the following spells:

 Your Spells              Type           Power      Damage    Failure   Level
a - Freeze                Ice            60%        1d7       3%          1

Your spell library contained the following spells:

 Spells                   Type           Power      Damage    Failure   Level
 Frozen Ramparts          Ice            30%        1d5       11%         3
 Ozocubu's Armour         Ice            15%        N/A       11%         3
 Summon Ice Beast         Ice/Summ       8%         N/A       24%         3


Dungeon Overview and Level Annotations

Branches:
Dungeon (1/15)

Altars:


Innate Abilities, Weirdness & Mutations

You cannot wear most types of armour.
You are amphibious.
You can wear up to eight rings at the same time.
Your skin changes colour to match your surroundings (Stealth+).
Your rubbery body absorbs attacks. (AC +1, EV +1)
((You are camouflaged when in or above water. (Stealth+)))
You have tentacles for arms and can constrict up to eight enemies at once.


Message History

The goblin shouts!
A goblin is nearby!
A goblin is nearby!
An endoplasm and a ball python come into view.
Found 4 stones.
A goblin comes into view. It is wielding a +0 club.
You slash the goblin!
You kill the goblin!
The goblin shouts!
Found a ruby potion.
Things that are here:
a +0 dagger; a goblin corpse A goblin comes into view.
It is wielding a +0 club.
You completely miss the endoplasm.
The endoplasm quivers.
The goblin shouts!
You squeeze the endoplasm.
The endoplasm is severely wounded.
The endoplasm hits you.
You hit the endoplasm but do no damage.
The endoplasm is severely wounded.
The endoplasm hits you but does no damage.
The ball python bites you. The ball python closely misses you.
You barely miss the endoplasm.
You squeeze the endoplasm, but do no damage.
The endoplasm is severely wounded.
The ball python closely misses you. The ball python barely misses you.
The endoplasm misses you. The ball python bites you. The ball python grabs you.
The ball python constricts you. The endoplasm freezes you.
You are frozen.
The goblin hits you with a +0 club.
* * * LOW HITPOINT WARNING * * *
You are too injured to fight recklessly!
You are too injured to fight recklessly!
You are too injured to fight recklessly!
You escape the ball python's grasp.
The goblin hits you with a +0 club.
* * * LOW HITPOINT WARNING * * *
The ball python attacks as it pursues you!
The ball python bites you.
You die...

#.###.......
###.......^..≈
#....##......≈
#.#.####...§§§ #######
##.#.# ###..§.§ #!.....
#..#.# ##....§§ #......
##.##.# #......≈
#......###..##.# #.......
........@..###.# #.......
.....g.S#......####..##..
......>Jg..(..........#..
.......##......######....
....... .......# ###...
.......##......# #.....
....### #......# #.....
.##. #........ #..... #
......... #.....


You could see an endoplasm, a goblin and a ball python.

Vanquished Creatures
  A ball python (D:1)
  2 endoplasms (D:1)
  A goblin (D:1)
  A kobold (D:1)
  A quokka (D:1)
  A rat (D:1)
7 creatures vanquished.

Notes
Turn   | Place    | Note
-------+----------+-------------------------------------------
     0 | D:1      | BeKind the Octopode Ice Elementalist began the quest for
                  | the Orb.
     0 | D:1      | Reached XP level 1. HP: 11/11 MP: 3/3
   333 | D:1      | Reached XP level 2. HP: 6/17 MP: 3/5
   515 | D:1      | Slain by a ball python

Illustrated notes

Levels and vault maps discovered:
D:1:      lemuel_arrival_room, layout_basic, kennysheep_decorative_pillar

Skill      XL: |  1 |
---------------+----+-----
Stealth        | 3 |  3.0
Dodging        | |  2.2
Spellcasting   | |  2.1
Ice Magic      | |  4.1

Action                     || total
---------------------------++-------
  Melee: Long sword        ||    13
         Unarmed           ||     3
         Constrict         ||     3
         Tentacles         ||     3
   Cast: Freeze            ||     2
   Stab: Sleeping          ||     2
 Armour: Skin              ||    13
  Dodge: Dodged            ||     9

Table legend: (Time is in decaauts)
 A = Elapsed time spent in this place.
 B = Non-inter-level travel time spent in this place.
 C = Inter-level travel time spent in this place.
 D = Time resting spent in this place.
 E = Time spent auto-exploring this place.
 F = Levels seen in this place.
 G = Mean time per level.
                   A        B        C        D        E       F      G
               +--------+--------+--------+--------+--------+-----+--------+
         Total |    519 |    486 |     33 |      0 |    422 |   1 |  519.0 |
       Dungeon |    519 |    486 |     33 |      0 |    422 |   1 |  519.0 |
               +--------+--------+--------+--------+--------+-----+--------+

Top non-repeatable levels by time:
     D:1: 519 daAuts
